Map: Overgrown Facility

Players

PureLegacy - Winner!

  • Race: Terran Terran
  • Spawn Location: 1:00

LOADBLASTER - Winner!

  • Race: Terran Terran
  • League: Grandmaster
  • Spawn Location: 3:00

MoBigdIIck

  • Race: Protoss Protoss
  • Spawn Location: 7:00

Amis

  • Race: Terran Terran
  • League: Master
  • Spawn Location: 9:00

VOD

Have the link to the VOD?

Description

Time

  • Played on: Nov. 29, 2018, 7:35 a.m.
  • Length: 14:41
Show
View Real Time Build Order
Export as new Build Order

PureLegacy Terran - Winner!

Build Orders:  

Get SALT Encoding   

  12  0:02  SCV  
  13  0:14  SCV  
  13  0:20  Supply Depot  
  14  0:27  SCV  
  15  0:31  Refinery  
  15  0:41  SCV  
  16  0:47  Barracks  
  16  0:53  SCV  
  17  1:06  Barracks  
  17  1:09  SCV  
  18  1:25  Barracks  
  18  1:27  SCV  
  19  1:37  Reaper  
  20  1:48  Orbital Command  
  20  1:54  Reaper  
  21  1:57  Refinery  
  21  2:09  Reaper  
  22  2:16  Supply Depot  
  22  2:17  Reaper  
  23  2:38  Reaper, SCV  
  23  2:40  Supply Depot  
  23  2:41  Reaper  
  26  2:49  Reaper  
  26  2:50  SCV  
  28  3:02  SCV  
  29  3:10  Reaper  
  30  3:14  SCV  
  31  3:25  Reaper  
  31  3:26  Command Center  
  33  3:30  SCV  
  34  3:35  Engineering Bay  
  34  3:42  SCV  
  34  3:49  Factory  
  32  3:56  SCV  
  32  3:57  Barracks Tech Lab  
  32  3:59  Barracks Reactor x2  
  33  4:04  Missile Turret  
  33  4:09  Missile Turret  
  33  4:16  Marine, Stimpack  
  34  4:21  SCV  
  35  4:35  Marine  
  35  4:36  Marine x3  
  35  4:38  Marine  
  40  4:39  Orbital Command  
  40  4:47  Starport  
  40  4:49  Factory Reactor  
  40  4:50  SCV  
  41  5:09  Marine x5  
  41  5:11  SCV x2  
  47  5:16  Supply Depot  
  47  5:23  SCV  
  47  5:24  SCV  
  49  5:33  Marine x4  
  49  5:34  Marine  
  51  5:36  SCV x2  
  53  5:48  SCV x2  
  52  5:51  Factory Tech Lab  
  52  5:57  Supply Depot  
  52  6:02  SCV  
  52  6:03  SCV  
  53  6:04  Medivac x2  
  53  6:09  Terran Infantry Weapons Level 1  
  57  6:15  Siege Tank  
  57  6:17  Barracks  
  57  6:18  Supply Depot, SCV, Barracks  
  61  6:23  SCV  
  62  6:26  Combat Shield  
  62  6:29  Refinery  
  62  6:30  Refinery  
  62  6:34  SCV  
  62  6:35  SCV  
  64  6:41  Marine x4  
  64  6:42  Marine  
  64  6:46  Supply Depot  
  69  6:48  SCV x2  
  71  6:57  Siege Tank  
  74  7:02  SCV x2  
  74  7:05  Supply Depot  
  74  7:07  Barracks Reactor  
  74  7:08  Barracks Reactor  
  76  7:10  Supply Depot  
  74  7:21  Marine x5  
  74  7:22  SCV x2  
  73  7:29  Siege Tank  
  67  7:45  Marine x3  
  67  7:47  Marine x3  
  67  7:48  Marine  
  74  7:53  SCV x2  
  74  7:54  Medivac x2  
  80  8:01  Siege Tank  
  80  8:06  Terran Infantry Armor Level 1  
  76  8:17  Marine x2  
  76  8:18  Marine x7  
  79  8:28  SCV x2  
  79  8:34  Medivac x2  
  79  8:35  Marine x2  
  79  8:36  Marine x3  
  79  8:38  Supply Depot  
  79  8:40  Marine x4  
  92  8:53  Marine x2  
  94  8:58  Armory  
  94  8:59  Marine x3  
  94  9:00  Engineering Bay  
  97  9:08  SCV x2  
  99  9:10  Supply Depot  
  99  9:13  Command Center  
  99  9:20  SCV x2  
  101  9:31  Marine  
  101  9:32  Medivac x2, Marine, Siege Tank  
  101  9:37  Marine  
  101  9:38  Marine x6  
  116  9:49  Marine  
  116  9:51  Marine  
  118  10:07  Marine  
  118  10:10  Marine  
  118  10:25  Viking, Marine x8  
  118  10:28  Marine  
  129  10:43  Marine x4  
  133  11:06  Viking x2, Marine x9  
  146  11:22  Terran Infantry Weapons Level 2, Terran Infantry Armor Level 2  
  146  11:24  Marine x3  
  149  11:47  Marine x9  
  149  11:48  Supply Depot x2  
  149  11:49  Supply Depot x2  
  158  12:53  Marine  
  158  12:54  Marine x5  
  158  12:55  Marine x3  
  158  12:56  Planetary Fortress  
  167  12:59  Medivac, Siege Tank  
  167  13:00  Medivac  
  174  13:11  Marine  
  174  13:12  Marine x5  
  180  13:13  Marine  
Show
View Real Time Build Order
Export as new Build Order

LOADBLASTER Terran - Winner!

Build Orders: Cyclone Opening, Mech 

Get SALT Encoding   

  12  0:00  SCV  
  13  0:13  SCV  
  14  0:18  Supply Depot  
  14  0:25  SCV  
  15  0:30  Refinery  
  15  0:40  SCV  
  16  0:46  Barracks  
  16  0:52  SCV  
  17  0:57  Refinery  
  17  1:04  SCV  
  18  1:16  SCV  
  19  1:33  Reaper, Orbital Command  
  20  1:46  Factory  
  20  1:56  Supply Depot  
  20  1:59  SCV  
  21  2:05  Barracks Tech Lab  
  21  2:11  SCV  
  22  2:24  SCV  
  23  2:35  Mag-Field Accelerator  
  23  2:36  Cyclone  
  26  2:49  Command Center  
  25  2:52  SCV  
  26  3:05  SCV  
  27  3:08  Cyclone  
  27  3:12  Supply Depot  
  30  3:19  Factory, Barracks Tech Lab  
  30  3:24  SCV  
  31  3:36  SCV  
  31  3:40  Cyclone  
  35  3:49  SCV  
  36  4:01  SCV  
  37  4:03  Orbital Command  
  37  4:09  Cyclone  
  40  4:13  SCV  
  41  4:21  Cyclone  
  44  4:25  SCV  
  44  4:26  Supply Depot  
  44  4:30  SCV  
  46  4:37  SCV  
  47  4:41  Cyclone  
  47  4:42  SCV  
  51  4:49  SCV  
  52  4:53  Cyclone, Supply Depot  
  52  4:54  SCV  
  56  5:01  SCV  
  56  5:07  SCV  
  58  5:13  SCV, Command Center  
  59  5:19  Refinery  
  59  5:20  Factory  
  59  5:21  Refinery, SCV  
  60  5:26  Supply Depot, SCV  
  61  5:33  SCV  
  61  5:34  Cyclone  
  65  5:39  SCV  
  66  5:45  SCV  
  66  5:46  Cyclone  
  70  5:51  SCV  
  70  5:57  SCV  
  70  6:03  Supply Depot, SCV  
  71  6:05  Factory Reactor  
  71  6:06  Cyclone  
  71  6:09  SCV  
  73  6:15  SCV  
  71  6:19  Cyclone  
  71  6:21  SCV  
  63  6:27  SCV  
  64  6:33  SCV  
  64  6:38  Cyclone  
  64  6:39  SCV  
  63  6:42  Hellion x2  
  63  6:43  Infernal Pre-Igniter  
  63  6:45  SCV  
  68  6:51  SCV  
  69  6:55  Cyclone  
  69  6:58  SCV  
  73  7:02  Refinery  
  73  7:03  Hellion, SCV  
  73  7:05  Refinery  
  76  7:10  SCV  
  76  7:11  Cyclone  
  76  7:12  Barracks  
  81  7:15  SCV  
  81  7:19  SCV  
  81  7:22  SCV  
  83  7:24  Hellion  
  83  7:25  Hellion  
  83  7:27  SCV  
  91  7:31  SCV  
  91  7:32  Supply Depot  
  91  7:34  SCV  
  93  7:40  SCV  
  93  7:43  SCV  
  95  7:46  SCV  
  96  7:52  SCV  
  96  7:55  Siege Tank x2  
  96  7:56  Hellion x2  
  104  8:00  Armory x2  
  104  8:02  Orbital Command  
  104  8:12  Factory  
  102  8:13  Factory, Supply Depot  
  102  8:16  Engineering Bay  
  102  8:19  Hellion  
  104  8:27  Siege Tank  
  104  8:28  Siege Tank  
  108  8:34  Supply Depot  
  108  8:35  Hellion  
  108  8:37  Supply Depot  
  110  8:42  Supply Depot  
  110  8:48  Hellion  
  113  8:50  Terran Vehicle Weapons Level 1  
  113  8:51  Terran Vehicle And Ship Armor Level 1  
  113  8:52  Sensor Tower  
  108  8:57  Factory Reactor, Factory Tech Lab  
  108  8:59  Siege Tank  
  105  9:07  Hellion, Siege Tank  
  110  9:10  Hellion  
  110  9:19  Command Center  
  111  9:28  SCV  
  100  9:32  Cyclone, Hellion x2  
  100  9:33  SCV  
  100  9:36  SCV  
  101  9:40  SCV  
  101  9:43  Starport  
  101  9:44  Hellion, Starport x2  
  98  9:45  Starport, SCV  
  98  9:48  SCV  
  98  9:50  Siege Tank  
  103  9:54  SCV  
  103  9:58  SCV  
  105  10:00  SCV  
  105  10:04  Hellion  
  105  10:05  Hellion x3  
  105  10:06  SCV  
  115  10:08  Supply Depot  
  115  10:10  SCV  
  116  10:14  Hellion x2  
  116  10:20  Viking  
  88  10:21  Viking  
  122  10:23  Viking  
  119  10:30  Viking  
  119  10:33  Orbital Command  
  116  10:41  Refinery  
  116  10:42  Refinery, SCV  
  117  10:43  SCV x2  
  119  10:50  Viking  
  119  10:51  Viking  
  119  10:53  Terran Vehicle Weapons Level 2, Terran Vehicle And Ship Armor Level 2  
  119  10:54  SCV  
  124  10:58  Viking  
  124  11:01  Viking  
  128  11:20  Viking  
  128  11:21  Viking  
  132  11:28  Viking  
  132  11:31  Viking  
  136  11:45  Supply Depot  
  136  11:46  Supply Depot  
  136  11:49  Supply Depot  
  136  11:50  Viking, Command Center  
  136  11:51  Viking  
  140  11:58  Viking  
  140  12:01  Viking  
  144  12:10  Supply Depot  
  144  12:20  Viking  
  144  12:21  Viking  
  148  12:28  Viking  
  150  12:31  Viking  
  150  12:32  Smart Servos  
  152  12:50  Viking  
  152  12:51  Viking  
  156  12:57  Viking  
  158  13:01  Viking  
  160  13:07  Orbital Command  
  160  13:20  Viking  
  160  13:21  Viking  
  160  13:23  Hellion x7  
  178  13:27  Viking  
  178  13:31  Viking  
  182  13:44  Hellion  
  182  13:45  Hellion x6  
  196  13:50  Viking  
  196  13:51  Viking  
  200  14:32  Starport Tech Lab  
  200  14:33  Starport Tech Lab x3  
  200  14:39  Command Center  
Show
View Real Time Build Order
Export as new Build Order

MoBigdIIck Protoss 

Build Orders: Oracle Opening 

Get SALT Encoding   

  12  0:01  Probe  
  13  0:13  Probe  
  14  0:19  Pylon  
  14  0:25  Probe  
  15  0:37  Probe  
  15  0:42  Gateway  
  16  0:51  Assimilator, Probe  
  17  1:03  Probe  
  18  1:15  Probe  
  19  1:27  Probe  
  20  1:35  Cybernetics Core  
  20  1:37  Gateway  
  20  1:39  Probe  
  21  1:51  Assimilator, Probe  
  22  1:55  Pylon  
  22  2:04  Probe  
  22  2:05  Warp Gate  
  23  2:15  Adept  
  25  2:16  Adept, Probe  
  23  2:27  Pylon  
  27  2:31  Probe  
  27  2:55  Stargate  
  27  2:56  Nexus  
  27  3:00  Probe  
  28  3:12  Probe  
  29  3:18  Adept  
  29  3:24  Probe  
  30  3:27  Adept  
  34  3:36  Probe  
  34  3:39  Oracle  
  38  3:48  Probe  
  39  3:58  Robotics Facility  
  39  4:07  Probe  
  39  4:08  Probe, Pylon x2, Phoenix  
  43  4:19  Probe  
  44  4:29  Probe  
  45  4:31  Probe  
  45  4:35  Gateway  
  46  4:39  Observer  
  46  4:42  Probe  
  46  4:44  Probe  
  48  4:51  Assimilator x2  
  49  4:54  Probe  
  49  4:56  Probe  
  49  4:57  Observer  
  51  5:06  Probe  
  47  5:13  Probe  
  48  5:18  Probe  
  49  5:23  Stalker, Probe  
  49  5:24  Stalker  
  49  5:26  Probe  
  50  5:31  Probe  
  50  5:34  Probe  
  49  5:40  Probe  
  49  5:42  Stalker  
  49  5:44  Probe  
  48  5:51  Stalker x2  
  48  5:52  Probe  
  48  5:56  Probe  
  54  6:04  Probe  
  54  6:08  Probe  
  49  6:16  Stalker x3, Probe  
  48  6:20  Probe  
  42  6:25  Probe  
  42  6:29  Probe  
  40  6:33  Probe  
  40  6:37  Probe  
  41  6:42  Probe  
  43  6:47  Probe  
  43  6:52  Observer  
  44  6:54  Probe  
  44  6:59  Probe  
  46  7:05  Twilight Council, Stalker  
  46  7:06  Sentry  
  46  7:07  Probe  
  51  7:09  Sentry  
  53  7:24  Probe x2  
  55  7:31  Stalker x2  
  55  7:36  Probe x2  
  61  7:48  Stalker  
  63  7:52  Probe x2  
  63  7:57  Zealot x2  
  69  8:01  Probe x2  
  64  8:09  Probe  
  64  8:10  Probe  
  51  8:15  Blink  
  51  8:19  Probe  
  53  8:30  Probe  
  53  8:31  Probe  
  55  8:37  Sentry  
  55  8:38  Sentry x2  
  61  8:43  Probe  
  61  8:44  Probe  
  63  8:57  Probe  
  63  8:58  Probe  
  35  10:56  Nexus x2  
  29  10:58  Nexus  
  26  11:05  Pylon  
  26  11:06  Pylon  
  24  11:24  Nexus  
  20  11:27  Nexus  
  19  11:38  Nexus  
  18  11:54  Nexus x2  
  7  12:03  Pylon  
  7  12:05  Nexus  
  6  12:33  Nexus  
  6  12:54  Nexus  
  6  13:00  Pylon  
  6  13:03  Pylon  
  6  13:11  Observer  
  6  13:13  Observer  
  6  13:15  Pylon  
  6  13:24  Assimilator  
Show
View Real Time Build Order
Export as new Build Order

Amis Terran 

Build Orders:  

Get SALT Encoding   

  12  0:03  SCV  
  13  0:15  SCV  
  13  0:19  Supply Depot  
  14  0:27  SCV  
  15  0:41  SCV  
  16  0:45  Barracks  
  16  0:47  Refinery  
  16  0:53  SCV  
  17  1:05  SCV  
  18  1:17  SCV  
  19  1:32  SCV  
  20  1:34  Barracks Tech Lab  
  20  1:44  Supply Depot  
  20  1:45  Orbital Command  
  20  1:49  Barracks  
  20  1:55  Marauder  
  22  2:10  Concussive Shells  
  22  2:13  SCV  
  23  2:20  Marauder  
  25  2:29  SCV  
  26  2:30  Refinery  
  26  2:36  Marine  
  27  2:40  Factory  
  27  2:45  SCV  
  28  2:54  Marauder  
  28  2:57  Supply Depot  
  30  3:02  Marine  
  31  3:13  Command Center  
  31  3:18  SCV  
  32  3:26  Factory Tech Lab  
  32  3:30  SCV  
  32  3:32  Marine  
  32  3:33  Marine  
  35  3:38  Starport  
  35  3:43  SCV  
  35  3:45  Cyclone  
  38  3:55  Marine  
  38  3:58  Supply Depot  
  39  4:12  Supply Depot  
  39  4:19  Medivac, Marine, SCV  
  39  4:21  Cyclone  
  39  4:23  Barracks Reactor  
  46  4:32  Orbital Command  
  46  4:33  SCV  
  47  4:39  Marine  
  49  4:45  SCV  
  49  4:47  Supply Depot  
  49  4:50  Starport Reactor  
  49  4:57  SCV  
  50  5:01  SCV  
  51  5:08  Marine x2  
  51  5:09  SCV  
  51  5:13  Supply Depot, SCV  
  58  5:19  Marine  
  59  5:22  SCV  
  59  5:23  Barracks  
  59  5:25  SCV  
  61  5:28  Marine  
  61  5:29  Marine  
  61  5:34  SCV  
  61  5:35  Supply Depot  
  64  5:37  SCV  
  65  5:43  Marauder  
  65  5:46  SCV  
  68  5:51  Marine x2  
  68  5:53  SCV  
  68  5:54  Supply Depot  
  71  5:58  SCV  
  71  6:05  SCV  
  71  6:10  SCV  
  73  6:14  Marine  
  74  6:19  Barracks Reactor, Command Center  
  74  6:20  Medivac x2  
  78  6:33  Barracks  
  78  6:35  Barracks  
  78  6:41  Barracks Tech Lab  
  78  6:49  SCV  
  78  6:51  Engineering Bay  
  78  6:53  Engineering Bay, Siege Tank  
  79  7:02  Marine x2  
  79  7:03  Marauder  
  79  7:04  Medivac  
  79  7:08  Supply Depot  
  85  7:14  Supply Depot  
  85  7:15  SCV  
  86  7:16  Refinery  
  86  7:18  Refinery  
  83  7:26  Siege Tank  
  83  7:29  Barracks Reactor  
  81  7:34  Marine  
  81  7:35  Marine  
  61  7:46  SCV  
  61  7:47  SCV  
  61  7:49  Marine x2  
  65  7:56  Terran Infantry Armor Level 1, Terran Infantry Weapons Level 1  
  65  7:57  Missile Turret, Barracks Tech Lab  
  65  8:07  Refinery x2, Marine x3  
  65  8:08  Barracks Tech Lab x2  
  68  8:16  Orbital Command  
  68  8:22  SCV  
  68  8:25  SCV  
  68  8:32  Marine x3  
  68  8:33  Marauder, Combat Shield  
  72  8:35  Marine x3  
  72  8:36  SCV  
  74  8:50  Marine x3  
  74  8:52  Marine  
  74  8:53  Marine  
  77  9:00  Marine, Marauder  
  77  9:02  SCV x3  
  80  9:07  Marine  
  78  9:11  Marauder  
  78  9:14  Marine x2  
  78  9:15  Marine  
Tags
 
Add a new tag
Caveats
  • Supply blocks, unpowered buildings, or Contaminate may cause inaccurate times.
  • Supply counts are checked every 10 seconds.